 Dungeon Crawl Stone Soup version 0.30-a0-883-g5ad918d77d (webtiles) character file.

Game seed: 823170528863502746

615 bobarctor the Grave Robber (level 7, -1/46 HPs)
             Began as a Demonspawn Necromancer on Mar 16, 2023.
             Killed from afar by a gnoll bouda (12 damage)
             ... with a bolt of dispelling energy
             ... on level 4 of the Dungeon.
             The game lasted 00:18:27 (3707 turns).

bobarctor the Grave Robber (Demonspawn Necromancer) Turns: 3707, Time: 00:18:28

Health: -1/46      AC:  7    Str:  8    XL:     7   Next: 21%
Magic:  2/14       EV: 12    Int: 18    God:
Gold:   57         SH:  5    Dex: 14    Spells: 1/16 levels left

rFire   . . .      SeeInvis .    A - +3 rapier (venom)
rCold   . . .      Faith    .    (no shield)
rNeg    . . .      Spirit   .    a - +0 robe
rPois   .          Reflect  +    l - +0 helmet
rElec   .          Rampage  .    (no cloak)
rCorr   .                        m - +1 pair of gloves
Will    .....                    (no boots)
Stlth   ++                       j - amulet of reflection
HPRegen 0.27/turn                (no ring)
MPRegen 0.14/turn                (no ring)

@: no status effects
A: hooves 1, thin metallic scales 1, ignite blood 1, spiny 2
a: no special abilities


You were on level 4 of the Dungeon.
You visited 1 branch of the dungeon, and saw 4 of its levels.

You collected 157 gold pieces.
You spent 100 gold pieces at shops.

Inventory:

Hand Weapons
 A - a +3 rapier of venom (weapon)
Missiles
 q - 2 boomerangs (quivered)
 x - 8 poisoned darts
Armour
 a - a +0 robe (worn)
 l - a +0 helmet (worn)
 m - a +1 pair of gloves (worn)
Jewellery
 j - an amulet of reflection (around neck)
 w - a ring of ice
Scrolls
 e - a scroll of summoning {unknown}
 h - 3 scrolls of magic mapping
 k - a scroll of enchant weapon
 p - 6 scrolls of teleportation
 s - 2 scrolls of fear
 y - a scroll of amnesia
Potions
 b - a potion of magic
 c - 2 potions of haste
 d - 3 potions of curing
 i - 2 potions of heal wounds
 v - a potion of degeneration {unknown}
 B - a potion of brilliance {unknown}
 C - a potion of attraction {unknown}


   Skills:
 + Level 2.2 Dodging
 + Level 2.3 Stealth
 + Level 0.1 Shields
 * Level 5.2 Spellcasting
 + Level 0.1 Conjurations
 + Level 6.4 Necromancy
 * Level 2.2 Translocations
 + Level 0.1 Fire Magic


You had one spell level left.
You knew the following spells:

 Your Spells              Type           Power      Damage    Failure   Level
a - Necrotise             Necr           100%       1d9       1%          1
b - Foxfire               Conj/Fire      20%        2x1d5     13%         1
c - Agony                 Necr           28%        N/A       26%         5
d - Vampiric Draining     Necr           28%        2d8       2%          3
e - Teleport Other        Tloc           12%        N/A       16%         3
f - Blink                 Tloc           24%        N/A       8%          2

Your spell library contained the following spells:

 Spells                   Type           Power      Damage    Failure   Level
 Beastly Appendage        Tmut           8%         N/A       13%         1
 Lesser Beckoning         Tloc           24%        N/A       8%          2
 Animate Dead             Necr           28%        N/A       9%          4
 Momentum Strike          Conj/Tloc      16%        3d8       12%         2
 Gell's Gravitas          Tloc           12%        N/A       16%         3
 Wereblood                Tmut           4%         N/A       21%         2
 Portal Projectile        Hex/Tloc       16%        N/A       24%         3
 Ozocubu's Armour         Ice            4%         N/A       36%         3
 Spider Form              Tmut/Pois      4%         N/A       36%         3
 Tukima's Dance           Hex            4%         N/A       36%         3
 Blade Hands              Tmut           2%         N/A       98%         5
 Fireball                 Conj/Fire      2%         3d4       98%         5
 Metabolic Englaciation   Hex/Ice        2%         N/A       98%         5
 Simulacrum               Ice/Necr       8%         N/A       99%         6
 Starburst                Conj/Fire      2%         6d3       100%        6


Dungeon Overview and Level Annotations

Branches:
Dungeon (4/15)             Temple (0/1) D:4

Altars:
Cheibriados
Nemelex Xobeh
Ru
Sif Muna

Shops:
D:4 *


Innate Abilities, Weirdness & Mutations

You have large cloven feet.
You are partially covered in thin metallic scales. (AC +2)
Your demonic aura sometimes causes spilled blood to erupt in flames.
You are mostly covered in sharp spines.


Message History

Aiming: Vampiric Draining (dangerous; 2% risk of failure)
Press: ? - help, Shift-Dir - straight line, f - gnoll
Aim: a gnoll, wielding a +0 club (covering ground quickly, ally target)
You draw life force from the gnoll!
You feel life coursing into your body.
The foxfire hits the gnoll.
The gnoll is severely wounded.
The foxfire hits the gnoll.
The gnoll is almost dead.
The gnoll hits you but does no damage.
Casting: Vampiric Draining (dangerous; 2% risk of failure)
Confirm with . or Enter, or press ? or * to list all spells.
Aiming: Vampiric Draining (dangerous; 2% risk of failure)
Press: ? - help, Shift-Dir - straight line, f/p - gnoll
Aim: a gnoll, wielding a +0 club (almost dead, covering ground quickly)
You draw life force from the gnoll!
You kill the gnoll!
You feel life coursing into your body.
The gnoll bouda gazes fiercely through you!
You feel your attacks grow feeble.
The gnoll bouda zaps a wand.
The bolt of dispelling energy hits you!
Your magical effects are unravelling.
* * * LOW HITPOINT WARNING * * *
Casting: Vampiric Draining (dangerous; 2% risk of failure)
Confirm with . or Enter, or press ? or * to list all spells.
Aiming: Vampiric Draining (dangerous; 2% risk of failure)
Press: ? - help, Shift-Dir - straight line, f - gnoll
Aim: a gnoll, wielding a +0 club (covering ground quickly)
You draw life force from the gnoll!
You feel life coursing into your body.
Your attacks no longer feel as feeble.
The gnoll drinks a potion.
The gnoll is healed!
Casting: Vampiric Draining (dangerous; 2% risk of failure)
Confirm with . or Enter, or press ? or * to list all spells.
Aiming: Vampiric Draining (dangerous; 2% risk of failure)
Press: ? - help, Shift-Dir - straight line, f/p - gnoll
Aim: a gnoll, wielding a +0 club (lightly wounded, covering ground quickly)
You draw life force from the gnoll!
You feel life coursing into your body. The gnoll is struck by your spines.
You kill the gnoll!
The gnoll bouda zaps a wand.
The bolt of dispelling energy hits you!
You die...

....(................,,,,,,,,,,*
.##########..#.....#,,,,****,,,*
...†.)))...........#,,,,# *,,,*
.....#)..##..#..†..#,,..# *,,,*
.#######........#†.#....# *****
## #.........g.......#
#..........##.....#
#..........#*#....# #.........@#
*....# #..........# *,...#
#..........# *,...# #........>.#
***### ############


You could see a gnoll bouda.

Vanquished Creatures
  Sigmund (D:3)
  Duvessa (D:4)
  Dowan (D:4)
  A jelly (D:4)
  Natasha (thrice) (D:2)
  2 orc wizards (D:4)
  4 gnolls (D:4)
  4 adders
  2 worms
  13 orcs
  3 ball pythons
  5 endoplasms
  5 giant cockroaches
  3 goblins
  3 hobgoblins
  6 kobolds
  3 quokkas
  4 bats
  A frilled lizard (D:3)
  A rat (D:1)
66 creatures vanquished.

Vanquished Creatures (collateral kills)
  A hobgoblin (D:2)
1 creature vanquished.

Vanquished Creatures (others)
  22 foxfires
22 creatures vanquished.

Grand Total: 89 creatures vanquished

Notes
Turn   | Place    | Note
-------+----------+-------------------------------------------
     0 | D:1      | bobarctor the Demonspawn Necromancer began the quest for
                  | the Orb.
     0 | D:1      | Reached XP level 1. HP: 13/13 MP: 3/3
   329 | D:1      | Learned a level 1 spell: Foxfire
   800 | D:2      | Found a faded altar of an unknown god.
   878 | D:2      | Gained mutation: You are partially covered in sharp spines.
                  | [demonic ancestry]
   878 | D:2      | Reached XP level 2. HP: 15/19 MP: 0/5
   998 | D:2      | Noticed Natasha
  1003 | D:2      | Noticed a crimson imp
  1010 | D:2      | Killed Natasha
  1011 | D:2      | Reached skill level 5 in Necromancy
  1011 | D:2      | Gained mutation: You have large cloven feet. [demonic
                  | ancestry]
  1011 | D:2      | Reached XP level 3. HP: 23/24 MP: 0/6
  1151 | D:2      | Learned a level 2 spell: Lesser Beckoning
  1287 | D:2      | Noticed Natasha
  1301 | D:2      | Killed Natasha
  1302 | D:2      | Reached XP level 4. HP: 11/30 MP: 0/8
  1307 | D:2      | Noticed Natasha
  1395 | D:2      | Killed Natasha
  2197 | D:3      | Learned a level 3 spell: Vampiric Draining
  2350 | D:3      | Noticed Sigmund
  2451 | D:3      | Found a snail-covered altar of Cheibriados.
  2461 | D:3      | Found a shimmering blue altar of Sif Muna.
  2461 | D:3      | Found a sacrificial altar of Ru.
  2467 | D:3      | Found a sparkling altar of Nemelex Xobeh.
  2536 | D:3      | Gained mutation: Your demonic aura sometimes causes spilled
                  | blood to erupt in flames. [demonic ancestry]
  2536 | D:3      | Reached XP level 5. HP: 35/35 MP: 10/10
  2680 | D:3      | Killed Sigmund
  2681 | D:3      | Reached skill level 6 in Necromancy
  2681 | D:3      | Reached skill level 1 in Translocations
  2681 | D:3      | Gained mutation: You are partially covered in thin metallic
                  | scales. (AC +2) [demonic ancestry]
  2681 | D:3      | Reached XP level 6. HP: 22/41 MP: 1/12
  2985 | D:4      | Learned a level 3 spell: Teleport Other
  3025 | D:4      | Noticed Duvessa
  3155 | D:4      | Killed Duvessa
  3156 | D:4      | Reached skill level 5 in Spellcasting
  3171 | D:4      | Noticed Dowan
  3268 | D:4      | Killed Dowan
  3269 | D:4      | Gained mutation: You are mostly covered in sharp spines.
                  | [demonic ancestry]
  3269 | D:4      | Reached XP level 7. HP: 46/46 MP: 11/14
  3330 | D:4      | Found Asetsar's Assorted Antiques.
  3333 | D:4      | Bought a scroll labelled WIOXZY MU JAE for 25 gold pieces
  3333 | D:4      | Bought a scroll labelled AVATOI CEOD for 25 gold pieces
  3333 | D:4      | Bought a scroll labelled BEJIDGH SEEN for 25 gold pieces
  3333 | D:4      | Bought a scroll labelled DINUNEK JISI for 25 gold pieces
  3392 | D:4      | Learned a level 5 spell: Agony
  3437 | D:4      | Learned a level 2 spell: Blink
  3703 | D:4      | HP: 2/46 [gnoll bouda/bolt of dispelling energy (14)]
  3707 | D:4      | Killed from afar by a gnoll bouda

Illustrated notes

Levels and vault maps discovered:
D:1:      saegor_arrival_simple_c, layout_loops_ring, st_stairs_11
D:2:      layout_basic, nicolae_ecumenical_pavilion, minmay_tree_intersection,
          minmay_misc_feat_chi, uniq_natasha
D:3:      layout_loops_ring, minitemple, uniq_sigmund
D:4:      layout_rooms, minmay_temple_entry_grid, serial_shops,
          nicolae_shop_behind_doors, uniq_duvessa

Skill      XL: |  1  2  3  4  5  6 |
---------------+-------------------+-----
Necromancy     | 5 6 |  6.4
Spellcasting   | 3 4 5 |  5.2
Dodging        | 2 |  2.2
Stealth        | 2 |  2.3
Translocations | 1 2 |  2.2
Shields        | |  0.1
Conjurations   | |  0.1
Fire Magic     | |  0.1

Action                     |  1- 3 |  4- 6 |  7- 9 || total
---------------------------+-------+-------+-------++-------
  Melee: Unarmed           |     5 |       |       ||     5
         Dagger            |    12 |    55 |       ||    67
         Short sword       |     2 |       |       ||     2
         Kick              |     1 |    11 |     2 ||    14
         Punch             |     1 |     2 |     1 ||     4
         Rapier            |       |     2 |    15 ||    17
   Cast: Necrotise         |    25 |    30 |     7 ||    62
         Foxfire           |     7 |     7 |     1 ||    15
         Vampiric Draining |       |     6 |     4 ||    10
    Use: Scroll            |       |       |    13 ||    13
   Stab: Sleeping          |       |     2 |     1 ||     3
 Armour: Robe              |     6 |     8 |     7 ||    21
  Dodge: Dodged            |    15 |    28 |    13 ||    56
  Block: Other             |     8 |    13 |     2 ||    23

Table legend: (Time is in decaauts)
 A = Elapsed time spent in this place.
 B = Non-inter-level travel time spent in this place.
 C = Inter-level travel time spent in this place.
 D = Time resting spent in this place.
 E = Time spent auto-exploring this place.
 F = Levels seen in this place.
 G = Mean time per level.
                   A        B        C        D        E       F      G
               +--------+--------+--------+--------+--------+-----+--------+
         Total |   3720 |   3646 |     74 |    755 |   2113 |   4 |  930.0 |
       Dungeon |   3720 |   3646 |     74 |    755 |   2113 |   4 |  930.0 |
               +--------+--------+--------+--------+--------+-----+--------+

Top non-repeatable levels by time:
     D:3: 1226 daAuts
     D:2: 1105 daAuts
     D:1: 799 daAuts
     D:4: 588 daAuts
